Devils vs Penguins
(R1)
Created - January 2, 2021 at 20:04
Goals
|
| Devils |
1 |
1 |
3 |
0 |
2 |
6 |
| Penguins |
1 |
2 |
2 |
0 |
1 |
5 |
|
Shots
|
| Devils |
7 |
8 |
11 |
0 |
3 |
26 |
| Penguins |
10 |
16 |
7 |
1 |
3 |
34 |
|
1st period
1. Devils , Zach Parise 9 (Kristopher Letang 9) at 2:59 (SH)
2. Penguins , Marcus Foligno 5 (Dustin Brown 4, Logan Couture 4) at 10:24
Penalties :
Anton Stralman (NJD) for Holding (Minor) at 2:09, Nikita Kucherov (Pit) for Elbowing (Minor) at 5:05, Zach Parise (NJD) for Roughing (Minor) at 7:46, Zach Parise (NJD) for Cross-checking (Minor) at 15:58
2nd period
3. Devils , Anton Stralman 5 (Marian Gaborik 29, Nazem Kadri 31) at 3:35 (PP)
4. Penguins , Steven Stamkos 21 (Keith Aulie 17, Sean Monahan 9) at 17:06
5. Penguins , Dustin Brown 4 (Nikita Kucherov 19, Danny DeKeiser 10) at 19:33
Penalties :
Steven Stamkos (Pit) for Holding (Minor) at 3:32, Nazem Kadri (NJD) for Tripping (Minor) at 5:34, Nikita Kucherov (Pit) for Cross-checking (Minor) at 14:04, Dustin Brown (Pit) for High sticking (Minor) at 17:17, Danny DeKeiser (Pit) for Hooking (Minor) at 19:57
3rd period
6. Devils , Nazem Kadri 12 (Tyler Ennis 21, Kristopher Letang 10) at 4:35
7. Devils , Nazem Kadri 13 (Tyler Ennis 22) at 7:48
8. Penguins , Dustin Brown 5 (Logan Couture 5, Marcus Foligno 8) at 10:18
9. Devils , Anton Stralman 6 (Brad Richards 10, Chris Stewart 12) at 12:44 (PP)
10. Penguins , Andrew Cogliano 13 (Steven Stamkos 21, Nikita Kucherov 20) at 19:29
Penalties :
Keith Aulie (Pit) for Hooking (Minor) at 7:59, Adam Larsson (Pit) for Hooking (Minor) at 11:48, Zach Parise (NJD) for Hooking (Minor) at 19:32
Overtime #1
No Goal
Penalties :
No Penalty
Shootout
Devils, Marian Gaborik - Shot Misses the Net
Penguins, Steven Stamkos - Stopped by Maxime Daigneault
Devils, Tyler Ennis - Goal!
Penguins, Andrew Cogliano - Goal!
Devils, Nazem Kadri - Goal!
Penguins, Nikita Kucherov - Stopped by Maxime Daigneault
Penalties :
No Penalty
Goalie Stats
Maxime Daigneault (NJD), 29 saves from 34 shots - (0.853), W, 15-9-3, 65:00 minutes
Michal Neuvirth (Pit), 21 saves from 26 shots - (0.808), OTL, 11-12-3, 64:40 minutes
Players Stats for Devils
Player Name G A P +/- PIM S H SB GA TA FO MP PP MP PK MP
------------------------------------------------------------------------------------
Anton Stralman 2 0 2 -1 2 2 0 1 0 3 0/0 30:02 6:31 4:32
Brad Richards 0 1 1 0 0 3 0 0 0 0 1/5 17:12 5:04 1:48
Brad Richardson 0 0 0 -3 0 0 0 1 0 1 0/0 6:50 0:00 0:00
Chris Stewart 0 1 1 -1 0 1 2 0 1 1 1/1 15:33 5:04 0:00
Eric Tangradi 0 0 0 -3 0 0 3 0 0 1 0/0 9:38 0:00 1:53
Jamie Arniel 0 0 0 -1 0 1 2 0 1 1 7/13 14:50 0:00 3:09
Josh Gorges 0 0 0 0 0 0 2 1 0 0 0/0 25:13 4:23 4:35
Kristopher Letang 0 2 2 0 0 3 2 1 0 0 0/0 28:49 6:31 2:56
Marian Gaborik 0 1 1 2 0 6 1 0 2 1 2/2 18:41 5:50 0:00
Martin Samuelsson 0 0 0 0 0 1 1 0 0 0 3/10 14:19 0:00 3:52
Matt Donovan 0 0 0 -1 0 1 1 1 1 1 0/0 13:27 0:00 3:52
Michael Del Zotto 0 0 0 -1 0 1 1 2 0 1 0/0 22:55 4:23 3:55
Nazem Kadri 2 1 3 2 2 2 1 1 1 1 22/33 21:32 5:50 1:39
Nick Bonino 0 0 0 -3 0 1 2 0 1 0 0/1 6:50 0:00 0:00
Patrick Kaleta 0 0 0 -1 0 0 0 1 1 0 1/1 15:04 0:00 3:52
Thomas Hickey 0 0 0 -1 0 0 1 0 0 1 0/0 10:10 0:00 0:00
Tyler Ennis 0 2 2 2 0 3 1 1 1 0 3/6 20:41 5:50 0:51
Zach Parise 1 0 1 -1 6 1 1 0 0 1 1/1 18:14 5:04 1:14
Players Stats for Penguins
Player Name G A P +/- PIM S H SB GA TA FO MP PP MP PK MP
------------------------------------------------------------------------------------
Adam Larsson 0 0 0 0 2 0 1 1 0 0 0/0 23:26 3:10 3:36
Alexei Marchenko 0 0 0 2 0 0 0 2 0 1 0/0 13:57 0:00 2:25
Andreas Martinsen 0 0 0 0 0 0 2 1 0 0 0/0 9:24 0:32 1:57
Andrew Cogliano 1 0 1 1 0 5 1 0 0 1 2/4 25:31 4:46 5:46
Danny DeKeiser 0 1 1 0 2 1 3 0 0 1 0/0 21:55 3:10 2:29
Dustin Brown 2 1 3 2 2 4 2 0 0 0 1/1 13:31 2:45 0:00
Eric Gryba 0 0 0 2 0 0 1 0 0 0 0/0 11:04 0:00 0:15
Joe Colborne 0 0 0 0 0 2 1 0 0 1 1/4 8:26 0:52 0:00
Keith Aulie 0 1 1 0 2 1 1 1 1 0 0/0 28:49 5:13 5:32
Logan Couture 0 2 2 2 0 1 1 0 0 0 8/12 11:53 0:00 0:54
Marcus Foligno 1 1 2 2 0 4 0 0 2 1 0/0 11:49 0:03 0:00
Marian Hossa 0 0 0 0 0 0 0 0 1 0 0/0 6:51 0:32 0:00
Nikita Kucherov 0 2 2 3 4 5 4 0 0 0 0/2 22:20 4:46 1:54
Sean Monahan 0 1 1 -2 0 4 0 0 0 0 3/10 16:31 3:02 2:48
Sean Zimmerman 0 0 0 0 0 1 2 4 2 3 0/0 30:42 5:13 7:16
Steven Stamkos 1 1 2 2 2 5 2 1 4 1 17/40 26:46 4:49 5:47
Thomas Vanek 0 0 0 -2 0 1 3 0 3 0 0/0 16:52 3:02 2:57
Viktor Arvidsson 0 0 0 -2 0 0 0 1 0 0 0/0 9:12 0:00 0:00
3 Stars
1 - Nazem Kadri (NJD)
2 - Dustin Brown (Pit)
3 - Marcus Foligno (Pit)
Power Play
Devils - 2 on 7 Attempt(s) - 28.57%
Penguins - 0 on 5 Attempt(s) - 0.00%
Penalty Kill
Devils - 5 on 5 Attempt(s) - 100.00%
- Score 1 goal in Penalty Kill
Penguins - 5 on 7 Attempt(s) - 71.43%
- Score 0 goal in Penalty Kill
Team Stat
Devils - Hits : 21 - Faceoff Wins : 41 - Blocked Shots : 10 - Penalty Minutes : 10
Penguins - Hits : 24 - Faceoff Wins : 32 - Blocked Shots : 11 - Penalty Minutes : 14
Official
Referees : Unknown
Linesman : Unknown
Game Notes
No Game Note
Finance
Level 1 -- Attendance: 4031 (67.18%) -- Ticket Income $483,720
Level 2 -- Attendance: 4108 (82.16%) -- Ticket Income $287,560
Level 3 -- Attendance: 1664 (83.20%) -- Ticket Income $74,880
Level 4 -- Attendance: 2635 (65.88%) -- Ticket Income $92,225
Luxury Box -- Attendance: 843 (84.30%) -- Ticket Income $168,600
Game was played at the Igloo.
Total Attendance: 13281 (73.78%)
Total Ticket Income: $1,106,985
Other Income: $166,048
Total Income: $1,273,033
Devils
5 vs 5 Forward
Center Left Wing Right Wing Time % Phy DF OF
1 Nazem Kadri Tyler Ennis Marian Gaborik 36 0 2 3
2 Jamie Arniel Zach Parise Chris Stewart 32 0 2 3
3 Brad Richards Martin Samuelsson Patrick Kaleta 22 0 2 3
4 Nick Bonino Eric Tangradi Brad Richardson 10 0 2 3
5 vs 5 Defense
Defense Defense Time % Phy DF OF
1 Kristopher Letang Anton Stralman 40 0 3 2
2 Michael Del Zotto Josh Gorges 35 0 3 2
3 Thomas Hickey Matt Donovan 25 0 3 2
4 Kristopher Letang Anton Stralman 0 1 2 2
PowerPlay Forward
Center Left Wing Right Wing Time % Phy DF OF
1 Nazem Kadri Tyler Ennis Marian Gaborik 60 0 1 4
2 Brad Richards Zach Parise Chris Stewart 40 0 1 4
PowerPlay Defense
Defense Defense Time % Phy DF OF
1 Kristopher Letang Anton Stralman 60 0 1 4
2 Michael Del Zotto Josh Gorges 40 0 1 4
Penalty Kill 4 Players Forward
Center Wing Time % Phy DF OF
1 Martin Samuelsson Patrick Kaleta 60 1 3 1
2 Jamie Arniel Zach Parise 40 1 3 1
Penalty Kill 4 Players Defense
Defense Defense Time % Phy DF OF
1 Anton Stralman Josh Gorges 60 1 4 0
2 Michael Del Zotto Matt Donovan 40 1 4 0
Penalty Kill - 3 Players Forward
Forward Time % Phy DF OF
1 Zach Parise 60 1 3 1
2 Brad Richards 40 1 3 1
Penalty Kill - 3 Players Defense
Defense Defense Time % Phy DF OF
1 Kristopher Letang Anton Stralman 60 1 4 0
2 Michael Del Zotto Josh Gorges 40 1 4 0
4 vs 4 Forward
Center Wing Time % Phy DF OF
1 Nazem Kadri Tyler Ennis 60 0 2 3
2 Brad Richards Marian Gaborik 40 0 2 3
4 vs 4 Defense
Defense Defense Time % Phy DF OF
1 Kristopher Letang Anton Stralman 60 0 3 2
2 Michael Del Zotto Josh Gorges 40 0 3 2
Last Minutes Offensive
Center Left Wing Right Wing Defense Defense
Nazem Kadri Tyler Ennis Marian Gaborik Kristopher Letang Michael Del Zotto
Last Minutes Defensive
Center Left Wing Right Wing Defense Defense
Jamie Arniel Zach Parise Patrick Kaleta Josh Gorges Anton Stralman
Goaltenders
Starting : Maxime Daigneault
Backup : Thomas McCollum
Extra Forwards
Normal : Brad Richards, Patrick Kaleta, Martin Samuelsson - PP : Jamie Arniel, Patrick Kaleta - PK : Brad Richards
Extra Defensemen
Normal : Kristopher Letang, Matt Donovan, Michael Del Zotto - PP : Michael Del Zotto - PK : Kristopher Letang, Anton Stralman
Penalty Shots
Marian Gaborik, Tyler Ennis, Nazem Kadri, Chris Stewart, Zach Parise
Scratches
Mike Weber (Healthy)
Penguins
5 vs 5 Forward
Center Left Wing Right Wing Time % Phy DF OF
1 Steven Stamkos Andrew Cogliano Nikita Kucherov 40 1 2 2
2 Sean Monahan Thomas Vanek Viktor Arvidsson 30 1 2 2
3 Logan Couture Marcus Foligno Dustin Brown 20 1 2 2
4 Joe Colborne Andreas Martinsen Marian Hossa 10 1 2 2
5 vs 5 Defense
Defense Defense Time % Phy DF OF
1 Sean Zimmerman Keith Aulie 40 1 2 2
2 Adam Larsson Danny DeKeiser 30 1 2 2
3 Eric Gryba Alexei Marchenko 20 1 2 2
4 Sean Zimmerman Keith Aulie 10 1 2 2
PowerPlay Forward
Center Left Wing Right Wing Time % Phy DF OF
1 Steven Stamkos Andrew Cogliano Nikita Kucherov 60 1 2 2
2 Sean Monahan Thomas Vanek Dustin Brown 40 1 2 2
PowerPlay Defense
Defense Defense Time % Phy DF OF
1 Sean Zimmerman Keith Aulie 60 1 2 2
2 Adam Larsson Danny DeKeiser 40 1 2 2
Penalty Kill 4 Players Forward
Center Wing Time % Phy DF OF
1 Steven Stamkos Andrew Cogliano 60 1 2 2
2 Nikita Kucherov Thomas Vanek 40 1 2 2
Penalty Kill 4 Players Defense
Defense Defense Time % Phy DF OF
1 Sean Zimmerman Keith Aulie 60 1 2 2
2 Adam Larsson Danny DeKeiser 40 1 2 2
Penalty Kill - 3 Players Forward
Forward Time % Phy DF OF
1 Steven Stamkos 60 1 2 2
2 Andrew Cogliano 40 1 2 2
Penalty Kill - 3 Players Defense
Defense Defense Time % Phy DF OF
1 Sean Zimmerman Keith Aulie 60 1 2 2
2 Adam Larsson Danny DeKeiser 40 1 2 2
4 vs 4 Forward
Center Wing Time % Phy DF OF
1 Steven Stamkos Andrew Cogliano 60 1 2 2
2 Nikita Kucherov Thomas Vanek 40 1 2 2
4 vs 4 Defense
Defense Defense Time % Phy DF OF
1 Sean Zimmerman Keith Aulie 60 1 2 2
2 Adam Larsson Danny DeKeiser 40 1 2 2
Last Minutes Offensive
Center Left Wing Right Wing Defense Defense
Steven Stamkos Andrew Cogliano Nikita Kucherov Sean Zimmerman Keith Aulie
Last Minutes Defensive
Center Left Wing Right Wing Defense Defense
Steven Stamkos Andrew Cogliano Nikita Kucherov Sean Zimmerman Keith Aulie
Goaltenders
Starting : Michal Neuvirth
Backup : Sergei Bobrovsky
Extra Forwards
Normal : Marcus Foligno, Joe Colborne, Sean Monahan - PP : Marcus Foligno, Joe Colborne - PK : Sean Monahan
Extra Defensemen
Normal : Eric Gryba, Alexei Marchenko, Keith Aulie - PP : Eric Gryba - PK : Alexei Marchenko, Keith Aulie
Penalty Shots
Steven Stamkos, Andrew Cogliano, Nikita Kucherov, Thomas Vanek, Logan Couture
Scratches
None
% Time on Ice - Devils
Lines # - Real PCT - Wanted PCT - Time Play
Normal Forward
1 - 31% - 36% - 12:34
2 - 28% - 32% - 11:08
3 - 24% - 22% - 9:30
4 - 17% - 10% - 6:50
Normal Defense
1 - 42% - 40% - 16:55
2 - 34% - 35% - 13:31
3 - 23% - 25% - 9:15
4 - 1% - 0% - 0:21
PP Forward
1 - 54% - 60% - 5:50
2 - 46% - 40% - 5:04
PP Defense
1 - 60% - 60% - 6:31
2 - 40% - 40% - 4:23
PK Forward
1 - 56% - 60% - 4:42
2 - 44% - 40% - 3:41
PK Defense
1 - 54% - 60% - 4:31
2 - 46% - 40% - 3:52
PK3 Forward
1 - 100% - 60% - 1:32
2 - 0% - 40% - 0:00
PK3 Defense
1 - 55% - 60% - 0:51
2 - 45% - 40% - 0:41
44 Forward
1 - 91% - 60% - 3:10
2 - 9% - 40% - 0:18
44 Defense
1 - 51% - 60% - 1:46
2 - 49% - 40% - 1:42
Last Minute Offensive - 0:00
Last Minute Defensive - 0:41
Total
Forward - 65:00
Defense - 65:00
|
% Time on Ice - Penguins
Lines # - Real PCT - Wanted PCT - Time Play
Normal Forward
1 - 34% - 40% - 13:41
2 - 24% - 30% - 9:36
3 - 26% - 20% - 10:23
4 - 16% - 10% - 6:19
Normal Defense
1 - 40% - 40% - 16:06
2 - 36% - 30% - 14:24
3 - 24% - 20% - 9:29
4 - 0% - 10% - 0:00
PP Forward
1 - 64% - 60% - 5:21
2 - 36% - 40% - 3:02
PP Defense
1 - 62% - 60% - 5:13
2 - 38% - 40% - 3:10
PK Forward
1 - 73% - 60% - 7:57
2 - 27% - 40% - 2:57
PK Defense
1 - 69% - 60% - 7:31
2 - 31% - 40% - 3:23
PK3 Forward
1 - 0% - 60%
2 - 0% - 40%
PK3 Defense
1 - 0% - 60%
2 - 0% - 40%
44 Forward
1 - 74% - 60% - 3:43
2 - 26% - 40% - 1:17
44 Defense
1 - 54% - 60% - 2:43
2 - 46% - 40% - 2:17
Last Minute Offensive - 0:44
Last Minute Defensive - 0:00
Total
Forward - 65:00
Defense - 65:00
|
Play-by-Play
1st period
0:01 of 1st period - Nazem Kadri wins face-off versus Steven Stamkos in neutral zone.
0:06 of 1st period - Snap shot by Tyler Ennis.
0:06 of 1st period - Shot Blocked by Sean Zimmerman.
0:37 of 1st period - Slapshot by Brad Richards.
0:37 of 1st period - Deflect By Sean Zimmerman.
0:37 of 1st period - Stopped by Michal Neuvirth with a rebound.
0:39 of 1st period - Slapshot by Kristopher Letang.
0:39 of 1st period - Shot Misses the Net.
1:41 of 1st period - Slapshot by Marian Gaborik.
1:41 of 1st period - Stopped by Michal Neuvirth with a rebound.
2:09 of 1st period - Minor Penalty to Anton Stralman for Holding.
2:10 of 1st period - Steven Stamkos wins face-off versus Martin Samuelsson in Devils zone.
2:19 of 1st period - Wrist shot by Andrew Cogliano.
2:19 of 1st period - Stopped by Maxime Daigneault without a rebound.
2:20 of 1st period - Steven Stamkos wins face-off versus Martin Samuelsson in Devils zone.
2:23 of 1st period - Snap shot by Steven Stamkos.
2:23 of 1st period - Stopped by Maxime Daigneault without a rebound.
2:24 of 1st period - Steven Stamkos wins face-off versus Martin Samuelsson in Devils zone.
2:59 of 1st period - Snap shot by Zach Parise.
2:59 of 1st period - Goal by Zach Parise - Devils : 1 - Penguins : 0.
3:00 of 1st period - Martin Samuelsson wins face-off versus Steven Stamkos in neutral zone.
3:59 of 1st period - Josh Gorges is hit by Steven Stamkos.
4:09 of 1st period - Penalty to Anton Stralman is over, Anton Stralman is back on ice.
4:15 of 1st period - Snap shot by Zach Parise.
4:15 of 1st period - Shot Blocked by Adam Larsson.
4:23 of 1st period - Andreas Martinsen is hit by Jamie Arniel and loses puck.
4:30 of 1st period - Zach Parise is hit by Adam Larsson and loses puck.
4:45 of 1st period - Wrist shot by Dustin Brown.
4:45 of 1st period - Stopped by Maxime Daigneault without a rebound.
4:46 of 1st period - Logan Couture wins face-off versus Nazem Kadri in Devils zone.
5:03 of 1st period - Wrist shot by Marian Gaborik.
5:03 of 1st period - Shot Blocked by Alexei Marchenko.
5:05 of 1st period - Minor Penalty to Nikita Kucherov for Elbowing.
5:06 of 1st period - Nazem Kadri wins face-off versus Steven Stamkos in Penguins zone.
5:15 of 1st period - Tyler Ennis is hit by Steven Stamkos and loses puck.
6:14 of 1st period - Adam Larsson is hit by Chris Stewart and loses puck.
7:05 of 1st period - Penalty to Nikita Kucherov is over, Nikita Kucherov is back on ice.
7:10 of 1st period - Nikita Kucherov is hit by Josh Gorges and loses puck.
7:46 of 1st period - Minor Penalty to Zach Parise for Roughing.
7:47 of 1st period - Steven Stamkos wins face-off versus Martin Samuelsson in Devils zone.
7:50 of 1st period - Wrist shot by Steven Stamkos.
7:50 of 1st period - Deflect By Andrew Cogliano.
7:50 of 1st period - Stopped by Maxime Daigneault without a rebound.
7:51 of 1st period - Steven Stamkos wins face-off versus Martin Samuelsson in Devils zone.
7:56 of 1st period - Wrist shot by Nikita Kucherov.
7:56 of 1st period - Deflect By Steven Stamkos.
7:56 of 1st period - Shot Misses the Net.
7:56 of 1st period - Puck is out of play.
7:57 of 1st period - Martin Samuelsson wins face-off versus Steven Stamkos in Devils zone.
7:57 of 1st period - Martin Samuelsson is hit by Keith Aulie.
8:51 of 1st period - Slapshot by Nikita Kucherov.
8:51 of 1st period - Shot Misses the Net.
9:19 of 1st period - Snap shot by Dustin Brown.
9:19 of 1st period - Deflect By Sean Monahan.
9:19 of 1st period - Stopped by Maxime Daigneault with a rebound.
9:21 of 1st period - Wrist shot by Dustin Brown.
9:21 of 1st period - Stopped by Maxime Daigneault without a rebound.
9:22 of 1st period - Sean Monahan wins face-off versus Martin Samuelsson in Devils zone.
9:46 of 1st period - Penalty to Zach Parise is over, Zach Parise is back on ice.
9:47 of 1st period - Icing by Sean Monahan.
9:48 of 1st period - Dustin Brown wins face-off versus Nazem Kadri in Penguins zone.
10:18 of 1st period - Off-side.
10:19 of 1st period - Logan Couture wins face-off versus Jamie Arniel in neutral zone.
10:24 of 1st period - Wrist shot by Marcus Foligno.
10:24 of 1st period - Goal by Marcus Foligno - Devils : 1 - Penguins : 1.
10:25 of 1st period - Nazem Kadri wins face-off versus Nikita Kucherov in neutral zone.
11:33 of 1st period - Wrist shot by Sean Monahan.
11:33 of 1st period - Shot Misses the Net.
11:50 of 1st period - Wrist shot by Nick Bonino.
11:50 of 1st period - Stopped by Michal Neuvirth without a rebound.
11:51 of 1st period - Andrew Cogliano wins face-off versus Nazem Kadri in Penguins zone.
11:51 of 1st period - Andrew Cogliano is hit by Kristopher Letang.
12:01 of 1st period - Slapshot by Kristopher Letang.
12:01 of 1st period - Deflect By Marian Gaborik.
12:01 of 1st period - Stopped by Michal Neuvirth with a rebound.
12:03 of 1st period - Snap shot by Tyler Ennis.
12:03 of 1st period - Shot Misses the Net.
12:24 of 1st period - Kristopher Letang is hit by Eric Gryba.
12:28 of 1st period - Snap shot by Dustin Brown.
12:28 of 1st period - Shot Blocked by Anton Stralman.
12:30 of 1st period - Snap shot by Logan Couture.
12:30 of 1st period - Stopped by Maxime Daigneault without a rebound.
12:31 of 1st period - Patrick Kaleta wins face-off versus Logan Couture in Devils zone.
12:36 of 1st period - Snap shot by Michael Del Zotto.
12:36 of 1st period - Stopped by Michal Neuvirth with a rebound.
12:38 of 1st period - Snap shot by Brad Richards.
12:38 of 1st period - Shot Misses the Net.
12:40 of 1st period - Snap shot by Brad Richards.
12:40 of 1st period - Stopped by Michal Neuvirth without a rebound.
12:41 of 1st period - Brad Richards wins face-off versus Logan Couture in Penguins zone.
13:48 of 1st period - Snap shot by Marcus Foligno.
13:48 of 1st period - Shot Hit the Post.
14:12 of 1st period - Josh Gorges is hit by Dustin Brown and loses puck.
14:50 of 1st period - Backhand shot by Dustin Brown.
14:50 of 1st period - Shot Misses the Net.
15:18 of 1st period - Slapshot by Marcus Foligno.
15:18 of 1st period - Shot Blocked by Josh Gorges.
15:33 of 1st period - Icing by Eric Gryba.
15:34 of 1st period - Tyler Ennis wins face-off versus Logan Couture in Penguins zone.
15:58 of 1st period - Minor Penalty to Zach Parise for Cross-checking.
15:59 of 1st period - Steven Stamkos wins face-off versus Jamie Arniel in Devils zone.
15:59 of 1st period - Wrist shot by Nikita Kucherov.
15:59 of 1st period - Stopped by Maxime Daigneault without a rebound.
16:00 of 1st period - Jamie Arniel wins face-off versus Steven Stamkos in Devils zone.
17:01 of 1st period - Adam Larsson is hit by Matt Donovan and loses puck.
17:08 of 1st period - Eric Tangradi is hit by Andreas Martinsen and loses puck.
17:13 of 1st period - Snap shot by Joe Colborne.
17:13 of 1st period - Stopped by Maxime Daigneault without a rebound.
17:14 of 1st period - Jamie Arniel wins face-off versus Andrew Cogliano in Devils zone.
17:58 of 1st period - Penalty to Zach Parise is over, Zach Parise is back on ice.
18:49 of 1st period - Adam Larsson is hit by Zach Parise and loses puck.
19:19 of 1st period - Viktor Arvidsson is hit by Nick Bonino and loses puck.
19:49 of 1st period - Josh Gorges is hit by Joe Colborne and loses puck.
Goals for this period are 1 for Devils vs 1 for Penguins.
Shots for this period are 7 for Devils vs 10 for Penguins.
2nd period
0:01 of 2nd period - Nazem Kadri wins face-off versus Steven Stamkos in neutral zone.
0:06 of 2nd period - Wrist shot by Marian Gaborik.
0:06 of 2nd period - Deflect By Tyler Ennis.
0:06 of 2nd period - Stopped by Michal Neuvirth without a rebound.
0:07 of 2nd period - Nazem Kadri wins face-off versus Steven Stamkos in Penguins zone.
0:48 of 2nd period - Slapshot by Steven Stamkos.
0:48 of 2nd period - Shot Blocked by Kristopher Letang.
0:50 of 2nd period - Wrist shot by Keith Aulie.
0:50 of 2nd period - Deflect By Anton Stralman.
0:50 of 2nd period - Stopped by Maxime Daigneault with a rebound.
1:00 of 2nd period - Wrist shot by Nikita Kucherov.
1:00 of 2nd period - Shot Misses the Net.
1:02 of 2nd period - Slapshot by Nikita Kucherov.
1:02 of 2nd period - Shot Misses the Net.
1:04 of 2nd period - Slapshot by Keith Aulie.
1:04 of 2nd period - Deflect By Andrew Cogliano.
1:04 of 2nd period - Shot Blocked by Nazem Kadri.
1:04 of 2nd period - Puck is out of play.
1:05 of 2nd period - Jamie Arniel wins face-off versus Sean Monahan in Devils zone.
1:10 of 2nd period - Danny DeKeiser is hit by Jamie Arniel and loses puck.
1:21 of 2nd period - Snap shot by Thomas Vanek.
1:21 of 2nd period - Shot Misses the Net.
2:24 of 2nd period - Slapshot by Matt Donovan.
2:24 of 2nd period - Shot Misses the Net.
2:50 of 2nd period - Steven Stamkos is hit by Martin Samuelsson and loses puck.
3:10 of 2nd period - Icing by Sean Zimmerman.
3:11 of 2nd period - Nazem Kadri wins face-off versus Joe Colborne in Penguins zone.
3:20 of 2nd period - Snap shot by Marian Gaborik.
3:20 of 2nd period - Stopped by Michal Neuvirth without a rebound.
3:21 of 2nd period - Steven Stamkos wins face-off versus Tyler Ennis in Penguins zone.
3:21 of 2nd period - Steven Stamkos is hit by Marian Gaborik.
3:32 of 2nd period - Minor Penalty to Steven Stamkos for Holding.
3:33 of 2nd period - Nazem Kadri wins face-off versus Sean Monahan in Penguins zone.
3:33 of 2nd period - Wrist shot by Marian Gaborik.
3:33 of 2nd period - Shot Blocked by Sean Zimmerman.
3:35 of 2nd period - Wrist shot by Anton Stralman.
3:35 of 2nd period - Goal by Anton Stralman - Devils : 2 - Penguins : 1.
3:36 of 2nd period - Jamie Arniel wins face-off versus Andrew Cogliano in neutral zone.
4:03 of 2nd period - Tyler Ennis is hit by Thomas Vanek and loses puck.
5:32 of 2nd period - Snap shot by Sean Monahan.
5:32 of 2nd period - Stopped by Maxime Daigneault with a rebound.
5:34 of 2nd period - Minor Penalty to Nazem Kadri for Tripping.
5:35 of 2nd period - Martin Samuelsson wins face-off versus Steven Stamkos in Devils zone.
5:48 of 2nd period - Wrist shot by Nikita Kucherov.
5:48 of 2nd period - Shot Misses the Net.
5:50 of 2nd period - Wrist shot by Nikita Kucherov.
5:50 of 2nd period - Shot Misses the Net.
6:08 of 2nd period - Slapshot by Sean Monahan.
6:08 of 2nd period - Stopped by Maxime Daigneault with a rebound.
6:10 of 2nd period - Slapshot by Thomas Vanek.
6:10 of 2nd period - Shot Misses the Net.
7:21 of 2nd period - Nikita Kucherov is hit by Michael Del Zotto and loses puck.
7:34 of 2nd period - Penalty to Nazem Kadri is over, Nazem Kadri is back on ice.
7:52 of 2nd period - Joe Colborne is hit by Eric Tangradi and loses puck.
8:07 of 2nd period - Snap shot by Dustin Brown.
8:07 of 2nd period - Shot Blocked by Matt Donovan.
8:31 of 2nd period - Backhand shot by Zach Parise.
8:31 of 2nd period - Shot Misses the Net.
8:33 of 2nd period - Wrist shot by Kristopher Letang.
8:33 of 2nd period - Stopped by Michal Neuvirth without a rebound.
8:34 of 2nd period - Marian Gaborik wins face-off versus Joe Colborne in Penguins zone.
8:37 of 2nd period - Wrist shot by Nazem Kadri.
8:37 of 2nd period - Shot Blocked by Andreas Martinsen.
8:49 of 2nd period - Slapshot by Steven Stamkos.
8:49 of 2nd period - Stopped by Maxime Daigneault without a rebound.
8:50 of 2nd period - Steven Stamkos wins face-off versus Jamie Arniel in Devils zone.
8:51 of 2nd period - Snap shot by Andrew Cogliano.
8:51 of 2nd period - Stopped by Maxime Daigneault without a rebound.
8:52 of 2nd period - Jamie Arniel wins face-off versus Steven Stamkos in Devils zone.
8:52 of 2nd period - Jamie Arniel is hit by Nikita Kucherov.
9:02 of 2nd period - Snap shot by Nikita Kucherov.
9:02 of 2nd period - Shot Misses the Net.
9:08 of 2nd period - Chris Stewart is hit by Nikita Kucherov and loses puck.
9:15 of 2nd period - Slapshot by Anton Stralman.
9:15 of 2nd period - Shot Misses the Net.
9:25 of 2nd period - Snap shot by Steven Stamkos.
9:25 of 2nd period - Shot Misses the Net.
9:27 of 2nd period - Wrist shot by Nikita Kucherov.
9:27 of 2nd period - Stopped by Maxime Daigneault with a rebound.
9:29 of 2nd period - Slapshot by Steven Stamkos.
9:29 of 2nd period - Stopped by Maxime Daigneault with a rebound.
9:31 of 2nd period - Snap shot by Steven Stamkos.
9:31 of 2nd period - Shot Misses the Net.
9:33 of 2nd period - Snap shot by Steven Stamkos.
9:33 of 2nd period - Stopped by Maxime Daigneault without a rebound.
9:34 of 2nd period - Nazem Kadri wins face-off versus Sean Monahan in Devils zone.
9:34 of 2nd period - Nazem Kadri is hit by Danny DeKeiser.
9:46 of 2nd period - Snap shot by Tyler Ennis.
9:46 of 2nd period - Shot Misses the Net.
10:00 of 2nd period - Kristopher Letang is hit by Danny DeKeiser and loses puck.
10:27 of 2nd period - Slapshot by Kristopher Letang.
10:27 of 2nd period - Deflect By Sean Zimmerman.
10:27 of 2nd period - Stopped by Michal Neuvirth without a rebound.
10:28 of 2nd period - Nazem Kadri wins face-off versus Steven Stamkos in Penguins zone.
11:17 of 2nd period - Slapshot by Michael Del Zotto.
11:17 of 2nd period - Shot Blocked by Sean Zimmerman.
11:27 of 2nd period - Wrist shot by Marcus Foligno.
11:27 of 2nd period - Shot Misses the Net.
11:37 of 2nd period - Slapshot by Josh Gorges.
11:37 of 2nd period - Deflect By Tyler Ennis.
11:37 of 2nd period - Stopped by Michal Neuvirth without a rebound.
11:38 of 2nd period - Joe Colborne wins face-off versus Nazem Kadri in Penguins zone.
12:13 of 2nd period - Snap shot by Andreas Martinsen.
12:13 of 2nd period - Shot Misses the Net.
12:15 of 2nd period - Slapshot by Joe Colborne.
12:15 of 2nd period - Stopped by Maxime Daigneault without a rebound.
12:16 of 2nd period - Steven Stamkos wins face-off versus Jamie Arniel in Devils zone.
12:45 of 2nd period - Keith Aulie is hit by Thomas Hickey.
13:11 of 2nd period - Marcus Foligno is hit by Eric Tangradi and loses puck.
14:04 of 2nd period - Minor Penalty to Nikita Kucherov for Cross-checking.
14:05 of 2nd period - Nazem Kadri wins face-off versus Steven Stamkos in Penguins zone.
14:32 of 2nd period - Steven Stamkos is hit by Chris Stewart and loses puck.
15:27 of 2nd period - Anton Stralman is hit by Thomas Vanek and loses puck.
16:04 of 2nd period - Penalty to Nikita Kucherov is over, Nikita Kucherov is back on ice.
16:30 of 2nd period - Snap shot by Nikita Kucherov.
16:30 of 2nd period - Stopped by Maxime Daigneault with a rebound.
16:32 of 2nd period - Snap shot by Sean Monahan.
16:32 of 2nd period - Shot Blocked by Brad Richardson.
16:44 of 2nd period - Eric Tangradi is hit by Nikita Kucherov and loses puck.
16:51 of 2nd period - Keith Aulie is hit by Nick Bonino and loses puck.
17:06 of 2nd period - Snap shot by Steven Stamkos.
17:06 of 2nd period - Goal by Steven Stamkos - Devils : 2 - Penguins : 2.
17:07 of 2nd period - Logan Couture wins face-off versus Tyler Ennis in neutral zone.
17:16 of 2nd period - Snap shot by Marcus Foligno.
17:16 of 2nd period - Stopped by Maxime Daigneault without a rebound.
17:17 of 2nd period - Logan Couture wins face-off versus Nazem Kadri in Devils zone.
17:17 of 2nd period - Minor Penalty to Dustin Brown for High sticking.
17:18 of 2nd period - Nazem Kadri wins face-off versus Steven Stamkos in Penguins zone.
17:19 of 2nd period - Snap shot by Tyler Ennis.
17:19 of 2nd period - Stopped by Michal Neuvirth without a rebound.
17:20 of 2nd period - Nazem Kadri wins face-off versus Steven Stamkos in Penguins zone.
18:13 of 2nd period - Snap shot by Marian Gaborik.
18:13 of 2nd period - Deflect By Steven Stamkos.
18:13 of 2nd period - Stopped by Michal Neuvirth with a rebound.
19:17 of 2nd period - Penalty to Dustin Brown is over, Dustin Brown is back on ice.
19:25 of 2nd period - Wrist shot by Nikita Kucherov.
19:25 of 2nd period - Stopped by Maxime Daigneault with a rebound.
19:27 of 2nd period - Slapshot by Danny DeKeiser.
19:27 of 2nd period - Stopped by Maxime Daigneault with a rebound.
19:31 of 2nd period - Snap shot by Nikita Kucherov.
19:31 of 2nd period - Stopped by Maxime Daigneault with a rebound.
19:33 of 2nd period - Snap shot by Dustin Brown.
19:33 of 2nd period - Goal by Dustin Brown - Devils : 2 - Penguins : 3.
19:34 of 2nd period - Jamie Arniel wins face-off versus Sean Monahan in neutral zone.
19:41 of 2nd period - Snap shot by Jamie Arniel.
19:41 of 2nd period - Shot Misses the Net.
19:57 of 2nd period - Minor Penalty to Danny DeKeiser for Hooking.
19:58 of 2nd period - Nazem Kadri wins face-off versus Steven Stamkos in Penguins zone.
Goals for this period are 1 for Devils vs 2 for Penguins.
Shots for this period are 8 for Devils vs 16 for Penguins.
3rd period
0:01 of 3rd period - Steven Stamkos wins face-off versus Nazem Kadri in neutral zone.
0:10 of 3rd period - Sean Zimmerman is hit by Nazem Kadri and loses puck.
0:31 of 3rd period - Wrist shot by Brad Richards.
0:31 of 3rd period - Shot Misses the Net.
0:33 of 3rd period - Snap shot by Chris Stewart.
0:33 of 3rd period - Shot Misses the Net.
0:35 of 3rd period - Snap shot by Brad Richards.
0:35 of 3rd period - Shot Blocked by Sean Zimmerman.
1:48 of 3rd period - Chris Stewart is hit by Thomas Vanek and loses puck.
1:57 of 3rd period - Penalty to Danny DeKeiser is over, Danny DeKeiser is back on ice.
2:25 of 3rd period - Wrist shot by Andreas Martinsen.
2:25 of 3rd period - Deflect By Joe Colborne.
2:25 of 3rd period - Shot Blocked by Patrick Kaleta.
2:25 of 3rd period - Puck is out of play.
2:26 of 3rd period - Nazem Kadri wins face-off versus Joe Colborne in Devils zone.
2:26 of 3rd period - Nazem Kadri is hit by Sean Zimmerman.
3:26 of 3rd period - Nazem Kadri is hit by Dustin Brown and loses puck.
3:35 of 3rd period - Sean Zimmerman is hit by Tyler Ennis and loses puck.
3:39 of 3rd period - Icing by Sean Zimmerman.
3:40 of 3rd period - Logan Couture wins face-off versus Jamie Arniel in Penguins zone.
4:27 of 3rd period - Snap shot by Marian Gaborik.
4:27 of 3rd period - Stopped by Michal Neuvirth without a rebound.
4:28 of 3rd period - Sean Monahan wins face-off versus Nazem Kadri in Penguins zone.
4:35 of 3rd period - Wrist shot by Nazem Kadri.
4:35 of 3rd period - Goal by Nazem Kadri - Devils : 3 - Penguins : 3.
4:36 of 3rd period - Nazem Kadri wins face-off versus Steven Stamkos in neutral zone.
5:44 of 3rd period - Snap shot by Andreas Martinsen.
5:44 of 3rd period - Shot Misses the Net.
6:36 of 3rd period - Slapshot by Adam Larsson.
6:36 of 3rd period - Shot Blocked by Michael Del Zotto.
6:54 of 3rd period - Slapshot by Logan Couture.
6:54 of 3rd period - Shot Blocked by Michael Del Zotto.
6:58 of 3rd period - Wrist shot by Logan Couture.
6:58 of 3rd period - Shot Misses the Net.
7:00 of 3rd period - Slapshot by Adam Larsson.
7:00 of 3rd period - Shot Misses the Net.
7:46 of 3rd period - Wrist shot by Chris Stewart.
7:46 of 3rd period - Stopped by Michal Neuvirth without a rebound.
7:47 of 3rd period - Tyler Ennis wins face-off versus Sean Monahan in Penguins zone.
7:48 of 3rd period - Snap shot by Nazem Kadri.
7:48 of 3rd period - Goal by Nazem Kadri - Devils : 4 - Penguins : 3.
7:49 of 3rd period - Marian Gaborik wins face-off versus Steven Stamkos in neutral zone.
7:52 of 3rd period - Wrist shot by Nazem Kadri.
7:52 of 3rd period - Shot Misses the Net.
7:54 of 3rd period - Slapshot by Kristopher Letang.
7:54 of 3rd period - Deflect By Marian Gaborik.
7:54 of 3rd period - Shot Misses the Net.
7:54 of 3rd period - Puck is out of play.
7:55 of 3rd period - Nazem Kadri wins face-off versus Steven Stamkos in Penguins zone.
7:59 of 3rd period - Minor Penalty to Keith Aulie for Hooking.
8:00 of 3rd period - Nazem Kadri wins face-off versus Steven Stamkos in Penguins zone.
9:17 of 3rd period - Icing by Michael Del Zotto.
9:18 of 3rd period - Nazem Kadri wins face-off versus Sean Monahan in Devils zone.
9:31 of 3rd period - Snap shot by Brad Richards.
9:31 of 3rd period - Shot Misses the Net.
9:33 of 3rd period - Wrist shot by Chris Stewart.
9:33 of 3rd period - Shot Misses the Net.
9:35 of 3rd period - Slapshot by Brad Richards.
9:35 of 3rd period - Shot Misses the Net.
9:59 of 3rd period - Penalty to Keith Aulie is over, Keith Aulie is back on ice.
10:12 of 3rd period - Slapshot by Sean Zimmerman.
10:12 of 3rd period - Stopped by Maxime Daigneault without a rebound.
10:13 of 3rd period - Logan Couture wins face-off versus Nick Bonino in Devils zone.
10:18 of 3rd period - Snap shot by Dustin Brown.
10:18 of 3rd period - Goal by Dustin Brown - Devils : 4 - Penguins : 4.
10:19 of 3rd period - Steven Stamkos wins face-off versus Tyler Ennis in neutral zone.
10:24 of 3rd period - Backhand shot by Marian Gaborik.
10:24 of 3rd period - Deflect By Tyler Ennis.
10:24 of 3rd period - Shot Misses the Net.
10:24 of 3rd period - Puck is out of play.
10:25 of 3rd period - Nazem Kadri wins face-off versus Steven Stamkos in Penguins zone.
10:26 of 3rd period - Wrist shot by Marian Gaborik.
10:26 of 3rd period - Deflect By Tyler Ennis.
10:26 of 3rd period - Shot Misses the Net.
10:26 of 3rd period - Puck is out of play.
10:27 of 3rd period - Steven Stamkos wins face-off versus Nazem Kadri in Penguins zone.
10:39 of 3rd period - Icing by Danny DeKeiser.
10:40 of 3rd period - Tyler Ennis wins face-off versus Steven Stamkos in Penguins zone.
10:49 of 3rd period - Snap shot by Marian Gaborik.
10:49 of 3rd period - Deflect By Nazem Kadri.
10:49 of 3rd period - Shot Misses the Net.
10:49 of 3rd period - Puck is out of play.
10:50 of 3rd period - Andrew Cogliano wins face-off versus Nazem Kadri in Penguins zone.
11:31 of 3rd period - Snap shot by Marian Gaborik.
11:31 of 3rd period - Shot Misses the Net.
11:33 of 3rd period - Snap shot by Kristopher Letang.
11:33 of 3rd period - Stopped by Michal Neuvirth with a rebound.
11:35 of 3rd period - Slapshot by Anton Stralman.
11:35 of 3rd period - Shot Hit the Post.
11:37 of 3rd period - Snap shot by Tyler Ennis.
11:37 of 3rd period - Shot Misses the Net.
11:41 of 3rd period - Slapshot by Nazem Kadri.
11:41 of 3rd period - Shot Blocked by Viktor Arvidsson.
11:43 of 3rd period - Snap shot by Marian Gaborik.
11:43 of 3rd period - Shot Blocked by Keith Aulie.
11:45 of 3rd period - Snap shot by Anton Stralman.
11:45 of 3rd period - Deflect By Tyler Ennis.
11:45 of 3rd period - Shot Misses the Net.
11:45 of 3rd period - Puck is out of play.
11:46 of 3rd period - Steven Stamkos wins face-off versus Jamie Arniel in Penguins zone.
11:48 of 3rd period - Minor Penalty to Adam Larsson for Hooking.
11:49 of 3rd period - Zach Parise wins face-off versus Steven Stamkos in Penguins zone.
11:55 of 3rd period - Snap shot by Brad Richards.
11:55 of 3rd period - Stopped by Michal Neuvirth without a rebound.
11:56 of 3rd period - Steven Stamkos wins face-off versus Brad Richards in Penguins zone.
12:07 of 3rd period - Wrist shot by Steven Stamkos.
12:07 of 3rd period - Deflect By Andrew Cogliano.
12:07 of 3rd period - Stopped by Maxime Daigneault without a rebound.
12:08 of 3rd period - Steven Stamkos wins face-off versus Nazem Kadri in Devils zone.
12:42 of 3rd period - Snap shot by Brad Richards.
12:42 of 3rd period - Shot Misses the Net.
12:44 of 3rd period - Slapshot by Anton Stralman.
12:44 of 3rd period - Goal by Anton Stralman - Devils : 5 - Penguins : 4.
12:45 of 3rd period - Steven Stamkos wins face-off versus Nazem Kadri in neutral zone.
13:23 of 3rd period - Snap shot by Jamie Arniel.
13:23 of 3rd period - Shot Misses the Net.
13:25 of 3rd period - Wrist shot by Jamie Arniel.
13:25 of 3rd period - Stopped by Michal Neuvirth with a rebound.
13:39 of 3rd period - Brad Richards is hit by Logan Couture and loses puck.
13:48 of 3rd period - Snap shot by Marcus Foligno.
13:48 of 3rd period - Stopped by Maxime Daigneault without a rebound.
13:49 of 3rd period - Nazem Kadri wins face-off versus Nikita Kucherov in Devils zone.
13:58 of 3rd period - Wrist shot by Tyler Ennis.
13:58 of 3rd period - Shot Blocked by Alexei Marchenko.
14:00 of 3rd period - Slapshot by Matt Donovan.
14:00 of 3rd period - Stopped by Michal Neuvirth with a rebound.
14:02 of 3rd period - Snap shot by Nazem Kadri.
14:02 of 3rd period - Shot Misses the Net.
14:04 of 3rd period - Snap shot by Marian Gaborik.
14:04 of 3rd period - Stopped by Michal Neuvirth without a rebound.
14:05 of 3rd period - Chris Stewart wins face-off versus Sean Monahan in Penguins zone.
14:12 of 3rd period - Wrist shot by Jamie Arniel.
14:12 of 3rd period - Shot Misses the Net.
14:54 of 3rd period - Brad Richards is hit by Danny DeKeiser and loses puck.
15:44 of 3rd period - Wrist shot by Sean Monahan.
15:44 of 3rd period - Stopped by Maxime Daigneault without a rebound.
15:45 of 3rd period - Logan Couture wins face-off versus Brad Richards in Devils zone.
15:50 of 3rd period - Wrist shot by Marcus Foligno.
15:50 of 3rd period - Stopped by Maxime Daigneault without a rebound.
15:51 of 3rd period - Logan Couture wins face-off versus Brad Richards in Devils zone.
16:58 of 3rd period - Marian Hossa is hit by Eric Tangradi and loses puck.
17:59 of 3rd period - Slapshot by Patrick Kaleta.
17:59 of 3rd period - Shot Misses the Net.
18:01 of 3rd period - Wrist shot by Thomas Hickey.
18:01 of 3rd period - Shot Misses the Net.
18:03 of 3rd period - Wrist shot by Brad Richards.
18:03 of 3rd period - Shot Misses the Net.
18:05 of 3rd period - Snap shot by Martin Samuelsson.
18:05 of 3rd period - Stopped by Michal Neuvirth without a rebound.
18:06 of 3rd period - Nazem Kadri wins face-off versus Logan Couture in Penguins zone.
18:30 of 3rd period - Kristopher Letang is hit by Nikita Kucherov.
19:06 of 3rd period - Anton Stralman is hit by Andrew Cogliano and loses puck.
19:09 of 3rd period - Penguins, Michal Neuvirth is pulled from the net.
19:29 of 3rd period - Snap shot by Andrew Cogliano.
19:29 of 3rd period - Goal by Andrew Cogliano - Devils : 5 - Penguins : 5.
19:29 of 3rd period - Michal Neuvirth from Penguins was sent back in the game.
19:30 of 3rd period - Jamie Arniel wins face-off versus Steven Stamkos in neutral zone.
19:32 of 3rd period - Minor Penalty to Zach Parise for Hooking.
19:33 of 3rd period - Sean Monahan wins face-off versus Martin Samuelsson in Devils zone.
Goals for this period are 3 for Devils vs 2 for Penguins.
Shots for this period are 11 for Devils vs 7 for Penguins.
Overtime #1
0:01 of 1st overtime period - Steven Stamkos wins face-off versus Brad Richards in neutral zone.
1:31 of 1st overtime period - Anton Stralman is hit by Sean Zimmerman and loses puck.
1:32 of 1st overtime period - Penalty to Zach Parise is over, Zach Parise is back on ice.
1:40 of 1st overtime period - Snap shot by Thomas Vanek.
1:40 of 1st overtime period - Stopped by Maxime Daigneault without a rebound.
1:41 of 1st overtime period - Nazem Kadri wins face-off versus Steven Stamkos in Devils zone.
3:04 of 1st overtime period - Nikita Kucherov is hit by Josh Gorges and loses puck.
3:13 of 1st overtime period - Wrist shot by Nikita Kucherov.
3:13 of 1st overtime period - Shot Blocked by Tyler Ennis.
3:33 of 1st overtime period - Andrew Cogliano is hit by Kristopher Letang and loses puck.
3:46 of 1st overtime period - Wrist shot by Eric Tangradi.
3:46 of 1st overtime period - Shot Hit the Post.
4:38 of 1st overtime period - Josh Gorges is hit by Andreas Martinsen and loses puck.
4:53 of 1st overtime period - Wrist shot by Marian Gaborik.
4:53 of 1st overtime period - Shot Blocked by Steven Stamkos.
Goals for this period are 0 for Devils vs 0 for Penguins.
Shots for this period are 0 for Devils vs 1 for Penguins.
ShootOut
5:00 of 1st overtime period - Round #1.
5:00 of 1st overtime period - Devils, Marian Gaborik.
5:00 of 1st overtime period - Snap shot by Marian Gaborik.
5:00 of 1st overtime period - Shot Misses the Net.
5:00 of 1st overtime period - Penguins, Steven Stamkos.
5:00 of 1st overtime period - Snap shot by Steven Stamkos.
5:00 of 1st overtime period - Stopped by Maxime Daigneault.
5:00 of 1st overtime period - Round #2.
5:00 of 1st overtime period - Devils, Tyler Ennis.
5:00 of 1st overtime period - Wrist shot by Tyler Ennis.
5:00 of 1st overtime period - Goal by Tyler Ennis.
5:00 of 1st overtime period - Penguins, Andrew Cogliano.
5:00 of 1st overtime period - Snap shot by Andrew Cogliano.
5:00 of 1st overtime period - Goal by Andrew Cogliano.
5:00 of 1st overtime period - Round #3.
5:00 of 1st overtime period - Devils, Nazem Kadri.
5:00 of 1st overtime period - Wrist shot by Nazem Kadri.
5:00 of 1st overtime period - Goal by Nazem Kadri.
5:00 of 1st overtime period - Penguins, Nikita Kucherov.
5:00 of 1st overtime period - Backhand shot by Nikita Kucherov.
5:00 of 1st overtime period - Stopped by Maxime Daigneault.